 Dungeon Crawl Stone Soup version 0.31-a0-986-g5e6e4ef867 (webtiles) character file.

Game seed: 13344966327887104762

25 sammy202020 the Ruffian (level 3, -3/23 HPs)
             Began as an Octopode Shapeshifter on Nov 14, 2023.
             Engulfed by a cloud of flame (26 damage)
             ... on level 2 of the Dungeon.
             The game lasted 00:01:02 (660 turns).

sammy202020 the Ruffian (Octopode Shapeshifter)      Turns: 660, Time: 00:01:03

Health: -3/23      AC:  1    Str: 15    XL:     3   Next: 4%
Magic:  3/3        EV: 13    Int: 12    God:
Gold:   19         SH:  0    Dex: 11    Spells: 2/2 levels left

rFire   . .          .
                       - Unarmed
rCold   . . .        (no shield)
rNeg    . . .        (helmet currently unavailable)
rPois   .            (no amulet)
rElec   .            (no ring)
rCorr   .            (no ring)
SInv    .            (no ring)
Will    .....        (no ring)
Stlth   ++           (no ring)
HPRegen 0.23/turn    (no ring)
MPRegen 0.08/turn    (no ring)
                     (no ring)

%: no passive effects
@: beast-form
A: beast (slay +1), almost no armour, amphibious, 8 rings, camouflage 1,
gelatinous body 1, (nimble swimmer 1), tentacles
a: Begin Untransformation


You were on level 2 of the Dungeon.
You were a hulking beast.
You visited 1 branch of the dungeon, and saw 2 of its levels.

You collected 19 gold pieces.

Inventory:

Talismans
 b - a beast talisman
 c - a flux talisman
Scrolls
 d - 3 scrolls of teleportation {unknown}
 e - 2 scrolls of noise {unknown}
 f - 2 scrolls of identify {unknown}
 k - a scroll of vulnerability {unknown}
Potions
 a - a potion of lignification
 g - a potion of brilliance {unknown}
 h - a potion of haste {unknown}
 i - a potion of experience {unknown}
 j - a potion of magic {unknown}
 l - a potion of mutation {unknown}


   Skills:
 * Level 1.6 Fighting
 + Level 2.2 Dodging
 * Level 3.3 Unarmed Combat
 * Level 3.3 Shapeshifting


You had 2 spell levels left.
You didn't know any spells.
Your spell library contained the following spells:

 Spells                   Type           Power      Damage    Failure   Level
 Necrotise                Necr           0%         1d4       32%         1
 Vampiric Draining        Necr           0%         2d6       69%         3
 Agony                    Necr           0%         N/A       100%        5


Dungeon Overview and Level Annotations

Branches:
Dungeon (2/15)

Altars:


Innate Abilities, Weirdness & Mutations

You are a hulking beast.
Your limbs bulge with bestial killing power. (Slay +1)
You cannot wear most types of armour.
You are amphibious.
You can wear up to eight rings at the same time.
Your skin changes colour to match your surroundings (Stealth+).
Your rubbery body absorbs attacks. (AC +1, EV +1)
((You are camouflaged when in or above water. (Stealth+)))
You have tentacles for arms and can constrict up to eight enemies at once.


Message History

l - a smoky pink potion A frilled lizard comes into view.
A frilled lizard is nearby!
The frilled lizard hisses angrily.
A frilled lizard comes into view.
The frilled lizard hisses angrily.
You tentacle-slap the frilled lizard.
You kill the frilled lizard!
You see here a frilled lizard corpse.
The frilled lizard hisses.
The frilled lizard closely misses you.
You tentacle-slap the frilled lizard.
You kill the frilled lizard!
No target in view!
No target in view!
No target in view!
No target in view!
No target in view!
No target in view!
No target in view!
No target in view!
No target in view!
No target in view!
No target in view!
No target in view!
No target in view!
No target in view!
No target in view!
No target in view!
No target in view!
Found a flail, a chain mail and 2 poisoned darts.
A frilled lizard comes into view.
Found 7 gold pieces and a pair of boots.
The frilled lizard hisses angrily.
A goblin comes into view. It is wielding a +0 club.
The frilled lizard is engulfed in blazing flames.
The frilled lizard dies!
You are engulfed in blazing flames.
Ouch! That really hurt!
You die...

######.#
#.#
#......#
#.#
....####
#.# ....#
#†# ....#
##.#
....# #
##..#
....#
#.#...#
......
#...##
.#..###
#°☼h#
.#..#
#§°§#
.#..#
#○§§#
#..g#
..?..
○.(.)[
☼○.[$..
####...##


You could see a goblin.

Vanquished Creatures
  A worm (D:2)
  An endoplasm (D:1)
  A giant cockroach (D:2)
  2 goblins (D:1)
  5 hobgoblins (D:1)
  A quokka (D:1)
  4 bats (D:1)
  5 frilled lizards
  A rat (D:1)
21 creatures vanquished.

Vanquished Creatures (others)
  An endoplasm (D:2)
  A frilled lizard (D:2)
2 creatures vanquished.

Grand Total: 23 creatures vanquished

Notes
Turn   | Place    | Note
-------+----------+-------------------------------------------
     0 | D:1      | sammy202020 the Octopode Shapeshifter began the quest for
                  | the Orb.
     0 | D:1      | Reached XP level 1. HP: 13/13 MP: 1/1
   111 | D:1      | Reached XP level 2. HP: 12/18 MP: 2/2
   548 | D:2      | Identified the of Yhudum
   561 | D:2      | Reached XP level 3. HP: 12/23 MP: 3/3
   660 | D:2      | Engulfed by a cloud of flame

Illustrated notes

Levels and vault maps discovered:
D:1:      lightli_arrival_flooded_house, layout_loops_ring, hex_medium,
          serial_park_tiny_pond
D:2:      layout_loops_ring, lemuel_flame_loot_1, uniq_crazy_yiuf_cottage,
          uniq_sigmund, uniq_natasha

Action                     || total
---------------------------++-------
  Melee: Unarmed           ||    29
         Constrict         ||     9
         Tentacles         ||     7
         Punch             ||     1
   Stab: Sleeping          ||     3
 Armour: Skin              ||    11
  Dodge: Dodged            ||     7

Table legend: (Time is in decaauts)
 A = Elapsed time spent in this place.
 B = Non-inter-level travel time spent in this place.
 C = Inter-level travel time spent in this place.
 D = Time resting spent in this place.
 E = Time spent auto-exploring this place.
 F = Levels seen in this place.
 G = Mean time per level.
                   A        B        C        D        E       F      G
               +--------+--------+--------+--------+--------+-----+--------+
         Total |    658 |    658 |      0 |      0 |    532 |   2 |  329.0 |
       Dungeon |    658 |    658 |      0 |      0 |    532 |   2 |  329.0 |
               +--------+--------+--------+--------+--------+-----+--------+

Top non-repeatable levels by time:
     D:1: 547 daAuts
     D:2: 111 daAuts
